3AA
RICHLAND RAILS @ MINNESOTA LOONS
07/21/2042
 
TOP OF THE 1ST
Richland Rails batting - Pitching for Minnesota Loons : RHP Voitto Niskakangas
Pitching: RHP Voitto Niskakangas
Batting: LHB Josh Wiggins 0-0: Ball
1-0: Called Strike
1-1: Ground out 6-3 (Groundball, 6, EV 108.1 MPH)
Batting: LHB Doyle Berkey 0-0: Called Strike
0-1: Ball
1-1: Swinging Strike
1-2: Ball
2-2: SINGLE (Groundball, 6D, EV 106.2 MPH)
Batting: RHB Kazuki Takahashi 0-0: Called Strike
Doyle Berkey steals 2nd base
0-1: Ground out 5-3 (Groundball, 56S, EV 86.9 MPH)
Batting: LHB Ricardo Águila 0-0: Called Strike
0-1: Foul Ball, location: 2F
0-2: Ball
1-2: Ball
2-2: Ball
3-2: Base on Balls
Batting: RHB Cheng-ho Bu 0-0: Called Strike
0-1: Foul Ball, location: 2F
0-2: Ball
1-2: Foul Ball, location: 2F
1-2: Ball
2-2: Fly out, F9 (Flyball, 9S, EV 90.0 MPH)
Top of the 1st over - 0 runs, 1 hit, 0 errors, 2 left on base; Richland 0 - Minnesota 0
BOTTOM OF THE 1ST
Minnesota Loons batting - Pitching for Richland Rails : LHP António Moreno
Pitching: LHP António Moreno
Batting: LHB Steve Williams 0-0: Called Strike
0-1: Swinging Strike
0-2: DOUBLE (Flyball, 8LXD, EV 88.1 MPH)
Batting: RHB Alberto Zúñiga 0-0: Ball
1-0: Foul Ball, location: 2F
1-1: Foul Ball, location: 2F
1-2: DOUBLE (Line Drive, 89M, EV 91.9 MPH)
Steve Williams scores
Batting: RHB Sergei Adjubei 0-0: Ball
1-0: Called Strike
1-1: Foul Ball, location: 2F
1-2: Strikes out swinging
Batting: SHB Pavlushenka Galanov 0-0: Called Strike
0-1: Fly out, F9 (Flyball, 9LD, EV 102.5 MPH)
Batting: RHB Bernard Dowiyogo 0-0: Ball
1-0: Ball
2-0: Ball
3-0: Base on Balls
Batting: RHB José Garrastazu 0-0: Ball
1-0: Fly out, F9 (Flyball, 89S, EV 86.9 MPH)
Bottom of the 1st over - 1 run, 2 hits, 0 errors, 2 left on base; Richland 0 - Minnesota 1
TOP OF THE 2ND
Richland Rails batting - Pitching for Minnesota Loons : RHP Voitto Niskakangas
Batting: RHB Greg Ge 0-0: Called Strike
0-1: Ball
1-1: Ball
2-1: Ball
3-1: Swinging Strike
3-2: Base on Balls
Batting: RHB Javier Botín 0-0: Called Strike
Greg Ge steals 2nd base
0-1: Ball
1-1: Ball
2-1: Ball
3-1: Foul Ball, location: 2F
3-2: SINGLE (Groundball, 34D, EV 100.0 MPH)
Greg Ge to third
Batting: RHB Tony Juderías 0-0: Ball
Javier Botín is caught stealing 2nd base 2-4
1-0: SINGLE (Line Drive, 78S, EV 102.5 MPH)
Greg Ge scores
Batting: RHB Steve Haley 0-0: Ball
1-0: Fly out, F3 (Popup, 3SF, EV 86.9 MPH)
Batting: LHB Josh Wiggins 0-0: Ball
1-0: Ball
2-0: Ball
3-0: Base on Balls
Tony Juderías to second
Batting: LHB Doyle Berkey 0-0: Swinging Strike
0-1: Ball
1-1: Ball
2-1: Swinging Strike
2-2: Ball
3-2: Ground out U3 (Groundball, 34, EV 81.9 MPH)
Top of the 2nd over - 1 run, 2 hits, 0 errors, 2 left on base; Richland 1 - Minnesota 1
BOTTOM OF THE 2ND
Minnesota Loons batting - Pitching for Richland Rails : LHP António Moreno
Batting: RHB Dan Barnes 0-0: Called Strike
0-1: Foul Ball, location: 2F
0-2: Ball
1-2: Ball
2-2: Ground out 6-3 (Groundball, 6, EV 83.8 MPH)
Batting: RHB Martin Mullinger 0-0: Foul Ball, location: 2F
0-1: Ball
1-1: Swinging Strike
1-2: Strikes out swinging
Batting: RHB Tso-i Joo 0-0: Ball
1-0: Fly out, F9 (Flyball, 9LD, EV 100.0 MPH)
Bottom of the 2nd over - 0 runs, 0 hits, 0 errors, 0 left on base; Richland 1 - Minnesota 1
TOP OF THE 3RD
Richland Rails batting - Pitching for Minnesota Loons : RHP Voitto Niskakangas
Batting: RHB Kazuki Takahashi 0-0: Ball
1-0: Ball
2-0: SINGLE (Groundball, 56D, EV 99.4 MPH)
Batting: LHB Ricardo Águila 0-0: Ball
1-0: Called Strike
1-1: Ball
2-1: Foul Ball, location: 2F
2-2: Strikes out swinging
Kazuki Takahashi steals 2nd base
Batter strikes out.
Batting: RHB Cheng-ho Bu 0-0: Fly out, F9 (Flyball, 89M, EV 70.6 MPH)
Batting: RHB Greg Ge 0-0: Ball
1-0: Fly out, F9 (Flyball, 9S, EV 90.0 MPH)
Top of the 3rd over - 0 runs, 1 hit, 0 errors, 1 left on base; Richland 1 - Minnesota 1
BOTTOM OF THE 3RD
Minnesota Loons batting - Pitching for Richland Rails : LHP António Moreno
Batting: LHB Steve Williams 0-0: Bunt for hit to 5S - play at first, batter OUT! 5-3
Batting: RHB Alberto Zúñiga 0-0: Foul Ball, location: 2F
0-1: Called Strike
0-2: Ball
1-2: Ball
2-2: Foul Ball, location: 2F
2-2: Foul Ball, location: 2F
2-2: Foul Ball, location: 2F
2-2: Fly out, F7 (Flyball, 78XD, EV 76.9 MPH)
Batting: RHB Sergei Adjubei 0-0: Ball
1-0: Foul Ball, location: 2F
1-1: Ball
2-1: Ball
3-1: Ground out 5-3 (Groundball, 56, EV 86.2 MPH)
Bottom of the 3rd over - 0 runs, 0 hits, 0 errors, 0 left on base; Richland 1 - Minnesota 1
TOP OF THE 4TH
Richland Rails batting - Pitching for Minnesota Loons : RHP Voitto Niskakangas
Batting: RHB Javier Botín 0-0: Ball
1-0: Called Strike
1-1: Foul Ball, location: 2F
1-2: Ball
2-2: Fly out, F8 (Flyball, 8RM, EV 90.6 MPH)
Batting: RHB Tony Juderías 0-0: Foul Ball, location: 2F
0-1: SINGLE (Line Drive, 9S, EV 93.1 MPH)
Batting: RHB Steve Haley 0-0: Ball
Tony Juderías steals 2nd base
1-0: Ball
2-0: Called Strike
2-1: Foul Ball, location: 2F
2-2: Ball
3-2: Strikes out swinging
Batting: LHB Josh Wiggins 0-0: Called Strike
0-1: Ball
1-1: Ball
2-1: Foul Ball, location: 2F
2-2: Ball
3-2: Foul Ball, location: 2F
3-2: Strikes out swinging
Top of the 4th over - 0 runs, 1 hit, 0 errors, 1 left on base; Richland 1 - Minnesota 1
BOTTOM OF THE 4TH
Minnesota Loons batting - Pitching for Richland Rails : LHP António Moreno
Batting: SHB Pavlushenka Galanov 0-0: SINGLE (Groundball, 4MD, EV 105.0 MPH)
Batting: RHB Bernard Dowiyogo 0-0: Foul Ball, location: 2F
0-1: Foul Ball, location: 2F
0-2: Foul Ball, location: 2F
0-2: Grounds into double play, 4-6-3 (Groundball, 4, EV 85.0 MPH)
Batting: RHB José Garrastazu 0-0: Foul Ball, location: 2F
0-1: Swinging Strike
0-2: SINGLE (Groundball, 4MD, EV 105.6 MPH)
Batting: RHB Dan Barnes 0-0: Ball
1-0: Foul Ball, location: 2F
1-1: Ball
2-1: Swinging Strike
2-2: Foul Ball, location: 2F
2-2: Ball
3-2: Base on Balls
José Garrastazu to second
Batting: RHB Martin Mullinger 0-0: Called Strike
0-1: Foul Ball, location: 2F
0-2: Fly out, F7 (Flyball, 7S, EV 89.4 MPH)
Bottom of the 4th over - 0 runs, 2 hits, 0 errors, 2 left on base; Richland 1 - Minnesota 1
TOP OF THE 5TH
Richland Rails batting - Pitching for Minnesota Loons : RHP Voitto Niskakangas
Batting: LHB Doyle Berkey 0-0: Called Strike
0-1: Ball
1-1: Swinging Strike
1-2: Foul Ball, location: 2F
1-2: Foul Ball, location: 2F
1-2: Ball
2-2: DOUBLE (Line Drive, 9LM, EV 100.6 MPH)
Batting: RHB Kazuki Takahashi 0-0: Called Strike
0-1: Foul Ball, location: 2F
0-2: Ball
1-2: Ball
2-2: SINGLE (Line Drive, 6MD, EV 98.1 MPH)
Doyle Berkey to third
Runner from 3rd tries for Home, SAFE, no throw by CF
Batting: LHB Ricardo Águila 0-0: Ball
1-0: Grounds into double play, 5-4-3 (Groundball, 5, EV 94.4 MPH)
Batting: RHB Cheng-ho Bu 0-0: Ball
1-0: Ball
2-0: Called Strike
2-1: Foul Ball, location: 2F
2-2: Fly out, F7 (Flyball, 78S, EV 88.1 MPH)
Top of the 5th over - 1 run, 2 hits, 0 errors, 0 left on base; Richland 2 - Minnesota 1
BOTTOM OF THE 5TH
Minnesota Loons batting - Pitching for Richland Rails : LHP António Moreno
Batting: RHB Tso-i Joo 0-0: Ball
1-0: Swinging Strike
1-1: Called Strike
1-2: Strikes out looking
Batting: LHB Steve Williams 0-0: Called Strike
0-1: Ball
1-1: Swinging Strike
1-2: Foul Ball, location: 2F
1-2: Ball
2-2: Ball
3-2: Foul Ball, location: 2F
3-2: Fly out, F5 (Line Drive, 5, EV 68.8 MPH)
Batting: RHB Alberto Zúñiga 0-0: Ball
1-0: Ball
2-0: Ball
3-0: Base on Balls
Batting: RHB Sergei Adjubei 0-0: Swinging Strike
0-1: Ball
1-1: Foul Ball, location: 2F
1-2: Foul Ball, location: 2F
1-2: Fielders Choice at 2nd, 5-4 (Groundball, 5, EV 92.5 MPH)
Bottom of the 5th over - 0 runs, 0 hits, 0 errors, 1 left on base; Richland 2 - Minnesota 1
TOP OF THE 6TH
Richland Rails batting - Pitching for Minnesota Loons : RHP Voitto Niskakangas
Batting: RHB Greg Ge 0-0: Swinging Strike
0-1: Fly out, F6 (Popup, 6, EV 59.4 MPH)
Pitching: RHP Vicente Dávila
Batting: RHB Javier Botín 0-0: Called Strike
0-1: Called Strike
0-2: Fly out, F8 (Flyball, 8RS, EV 88.8 MPH)
Batting: RHB Tony Juderías 0-0: Called Strike
0-1: Called Strike
0-2: Strikes out swinging
Top of the 6th over - 0 runs, 0 hits, 0 errors, 0 left on base; Richland 2 - Minnesota 1
BOTTOM OF THE 6TH
Minnesota Loons batting - Pitching for Richland Rails : LHP António Moreno
Batting: SHB Pavlushenka Galanov 0-0: Called Strike
0-1: Swinging Strike
0-2: Ball
1-2: Ball
2-2: SINGLE (Groundball, 4MD, EV 110.0 MPH)
Batting: RHB Bernard Dowiyogo 0-0: Called Strike
0-1: Foul Ball, location: 2F
0-2: Ball
1-2: Grounds into double play, 5-4-3 (Groundball, 56, EV 100.0 MPH)
Batting: RHB José Garrastazu 0-0: Fly out, F9 (Flyball, 9, EV 82.5 MPH)
Bottom of the 6th over - 0 runs, 1 hit, 0 errors, 0 left on base; Richland 2 - Minnesota 1
TOP OF THE 7TH
Richland Rails batting - Pitching for Minnesota Loons : RHP Vicente Dávila
Batting: RHB Steve Haley 0-0: SINGLE (Groundball, 56D, EV 100.6 MPH)
Batting: LHB Josh Wiggins 0-0: Ball
1-0: Bunted foul
1-1: Bunted foul
1-2: Strikes out swinging
Batting: LHB Doyle Berkey 0-0: Called Strike
0-1: Ball
1-1: Ball
2-1: Foul Ball, location: 2F
2-2: DOUBLE (Flyball, 8RXD, EV 99.4 MPH)
Steve Haley to third
Batting: RHB Kazuki Takahashi 0-0: Ball
1-0: Ball
2-0: Called Strike
2-1: Swinging Strike
2-2: Ball
3-2: Foul Ball, location: 2F
3-2: Fly out, F8 (Flyball, 8RM, EV 93.8 MPH)
Runner from 3rd tags up, OUT at HOME! 8-2
Top of the 7th over - 0 runs, 2 hits, 0 errors, 1 left on base; Richland 2 - Minnesota 1
BOTTOM OF THE 7TH
Minnesota Loons batting - Pitching for Richland Rails : LHP António Moreno
Pitching: RHP Ryan Neal
Batting: RHB Dan Barnes 0-0: Called Strike
0-1: Fly out, F8 (Flyball, 8LM, EV 91.2 MPH)
Batting: RHB Martin Mullinger 0-0: Called Strike
0-1: Foul Ball, location: 2F
0-2: Ball
1-2: Ball
2-2: Ball
3-2: Strikes out swinging
Batting: RHB Tso-i Joo 0-0: Ball
1-0: Foul Ball, location: 2F
1-1: Foul Ball, location: 2F
1-2: Ball
2-2: Strikes out swinging
Bottom of the 7th over - 0 runs, 0 hits, 0 errors, 0 left on base; Richland 2 - Minnesota 1
TOP OF THE 8TH
Richland Rails batting - Pitching for Minnesota Loons : RHP Vicente Dávila
Pitching: RHP Michael Knight
Batting: LHB Ricardo Águila 0-0: Ball
1-0: Ball
2-0: Ball
3-0: Base on Balls
Batting: RHB Cheng-ho Bu 0-0: Ball
1-0: Ball
2-0: Ball
3-0: Foul Ball, location: 2F
3-1: SINGLE (Flyball, 78S, EV 91.2 MPH)
Ricardo Águila to second
Pitching: RHP Manny Crespo
Batting: RHB Greg Ge 0-0: Sac Bunt to 23 - play at first, batter OUT! 3-4
Ricardo Águila to third
Cheng-ho Bu to second
Batting: RHB Javier Botín 0-0: SINGLE (Groundball, 56, EV 96.9 MPH)
Ricardo Águila scores
Cheng-ho Bu to third
Batting: RHB Tony Juderías 0-0: Ball
1-0: Swinging Strike
1-1: Ball
2-1: Ball
3-1: Foul Ball, location: 2F
Pickoff Throw to First - Out! 1-3
3-2: SINGLE (Groundball, 34D, EV 105.6 MPH)
Cheng-ho Bu scores
Batting: RHB Steve Haley 0-0: Called Strike
0-1: Swinging Strike
0-2: Ball
1-2: Strikes out swinging, 2-3 out at first.
Top of the 8th over - 2 runs, 3 hits, 0 errors, 1 left on base; Richland 4 - Minnesota 1
BOTTOM OF THE 8TH
Minnesota Loons batting - Pitching for Richland Rails : RHP Ryan Neal
Batting: LHB Steve Williams 0-0: Fly out, F4 (Popup, 4, EV 73.8 MPH)
Batting: RHB Alberto Zúñiga 0-0: Ball
1-0: Called Strike
1-1: Called Strike
1-2: Strikes out swinging
Batting: RHB Sergei Adjubei 0-0: Foul Ball, location: 2F
0-1: Swinging Strike
0-2: Strikes out looking
Bottom of the 8th over - 0 runs, 0 hits, 0 errors, 0 left on base; Richland 4 - Minnesota 1
TOP OF THE 9TH
Richland Rails batting - Pitching for Minnesota Loons : RHP Manny Crespo
Batting: LHB Josh Wiggins 0-0: Ball
1-0: Hit by Pitch
Batting: LHB Doyle Berkey 0-0: Called Strike
0-1: SINGLE (Line Drive, 7LS, EV 92.5 MPH)
Josh Wiggins to second
Runner from 2nd tries for 3rd, SAFE, no throw by LF
Batting: RHB Kazuki Takahashi 0-0: Called Strike
0-1: Ball
1-1: Foul Ball, location: 2F
1-2: Fielders Choice at 2nd, 6-4 (Groundball, 6, EV 93.1 MPH)
Josh Wiggins scores
Batting: LHB Ricardo Águila 0-0: Called Strike
Kazuki Takahashi is caught stealing 2nd base 2-6
0-1: Called Strike
0-2: Ball
1-2: Strikes out swinging
Top of the 9th over - 1 run, 1 hit, 0 errors, 0 left on base; Richland 5 - Minnesota 1
BOTTOM OF THE 9TH
Minnesota Loons batting - Pitching for Richland Rails : RHP Ryan Neal
Batting: SHB Pavlushenka Galanov 0-0: Ball
1-0: Foul Ball, location: 2F
1-1: Swinging Strike
1-2: Ball
2-2: Ball
3-2: Strikes out swinging
Batting: RHB Bernard Dowiyogo 0-0: Called Strike
0-1: Ball
1-1: Foul Ball, location: 2F
1-2: Foul Ball, location: 2F
1-2: Ball
2-2: Foul Ball, location: 2F
2-2: Foul Ball, location: 2F
2-2: Ground out 6-3 (Groundball, 6, EV 83.8 MPH)
Batting: RHB José Garrastazu 0-0: Called Strike
0-1: Called Strike
0-2: Ball
1-2: Ground out 3-1 (Groundball, 34, EV 98.8 MPH)
Bottom of the 9th over - 0 runs, 0 hits, 0 errors, 0 left on base; Richland 5 - Minnesota 1
Friday, March 26th, 2021 - OOTP Baseball 20.8 Build 74